Map: Catalyst LE

Players

Harstem

  • Race: Protoss Protoss
  • League: Master
  • Spawn Location: 5:00

AxImpact (Impact) - Winner!

  • Race: Zerg Zerg
  • League: Diamond
  • Spawn Location: 11:00

Event: HomeStory Cup XVI

VOD

Have the link to the VOD?

Description

Time

  • Played on: Nov. 11, 2017, 1:31 p.m.
  • Length: 8:23

All games in this series

Show
View Real Time Build Order
Export as new Build Order

Harstem Protoss 

Build Orders: 1 Gate Expand, Oracle Opening 

Get SALT Encoding   

  1  0:00  Probe (Chrono Boost)  
  12  0:04  Probe (Chrono Boost)  
  14  0:17  Pylon  
  14  0:23  Probe (Chrono Boost)  
  16  0:36  Probe (Chrono Boost)  
  16  0:39  Gateway  
  16  0:48  Assimilator  
  16  0:49  Probe (Chrono Boost)  
  17  0:57  Probe (Chrono Boost)  
  17  1:03  Probe (Chrono Boost)  
  19  1:15  Probe (Chrono Boost)  
  20  1:24  Nexus  
  20  1:36  Cybernetics Core  
  21  1:40  Probe (Chrono Boost)  
  21  1:44  Assimilator  
  21  1:52  Probe (Chrono Boost)  
  22  1:54  Pylon  
  22  2:04  Probe (Chrono Boost)  
  22  2:06  Adept  
  23  2:12  Warp Gate  
  26  2:16  Probe (Chrono Boost)  
  26  2:23  Stargate  
  26  2:28  Probe (Chrono Boost)  
  26  2:29  Adept  
  28  2:39  Probe (Chrono Boost)  
  28  2:40  Probe (Chrono Boost)  
  30  2:49  Gateway  
  31  2:51  Probe (Chrono Boost)  
  31  2:57  Probe (Chrono Boost)  
  31  2:58  Oracle  
  32  3:03  Probe (Chrono Boost)  
  33  3:09  Probe (Chrono Boost)  
  37  3:16  Probe (Chrono Boost)  
  39  3:21  Probe (Chrono Boost)  
  39  3:23  Pylon  
  39  3:26  Stalker  
  41  3:32  Probe (Chrono Boost)  
  43  3:35  Probe (Chrono Boost)  
  43  3:42  Gateway  
  43  3:44  Probe (Chrono Boost)  
  43  3:47  Probe (Chrono Boost)  
  45  3:49  Pylon  
  45  3:55  Twilight Council  
  46  3:56  Probe (Chrono Boost)  
  46  3:59  Probe (Chrono Boost)  
  47  4:06  Resonating Glaives  
  47  4:08  Probe (Chrono Boost)  
  49  4:11  Probe (Chrono Boost), Robotics Facility  
  49  4:13  Assimilator  
  49  4:15  Pylon  
  49  4:20  Probe (Chrono Boost)  
  49  4:23  Probe (Chrono Boost)  
  52  4:39  Probe (Chrono Boost)  
  52  4:44  Probe (Chrono Boost)  
  53  4:46  Nexus  
  53  4:48  Warp Prism, Pylon  
  53  4:51  Probe (Chrono Boost)  
  54  4:55  Adept x3  
  62  5:02  Probe (Chrono Boost)  
  63  5:08  Gateway  
  63  5:11  Gateway  
  63  5:17  Gateway  
  63  5:20  Gateway  
  63  5:27  Adept x2  
  67  5:28  Sentry  
  67  5:32  Pylon  
  69  5:35  Pylon  
  69  5:46  Probe (Chrono Boost), Pylon  
  69  5:47  Probe (Chrono Boost)  
  69  5:49  Adept  
  73  5:50  Adept  
  75  6:11  Probe x2 (Chrono Boost)  
  75  6:16  Adept  
  75  6:17  Adept x6  
  79  6:21  Probe (Chrono Boost), Robotics Bay  
  79  6:25  Probe (Chrono Boost)  
  72  6:27  Probe (Chrono Boost)  
  69  6:33  Probe (Chrono Boost)  
  69  6:34  Shield Battery  
  69  6:37  Shield Battery  
  69  6:39  Adept x2, Sentry  
  75  6:40  Adept  
  75  6:44  Probe (Chrono Boost)  
  75  6:46  Adept, Sentry  
  83  6:47  Probe (Chrono Boost)  
  83  6:52  Adept  
  83  6:53  Colossus  
  85  6:57  Shield Battery  
  85  6:58  Shield Battery  
  88  7:08  Robotics Facility  
  88  7:12  Forge, Pylon  
  91  7:19  Zealot  
  86  7:26  Adept x2  
  90  7:33  Probe (Chrono Boost)  
  90  7:37  Probe (Chrono Boost)  
  90  7:40  Assimilator, Adept x2  
  90  7:41  Probe (Chrono Boost)  
  96  7:45  Adept x2  
  96  7:46  Probe (Chrono Boost)  
  96  7:50  Adept x2  
  104  7:57  Adept  
  99  8:02  Adept x2  
  83  8:06  Probe (Chrono Boost)  
  83  8:07  Probe (Chrono Boost)  
  83  8:09  Adept x2, Probe (Chrono Boost)  
  79  8:14  Zealot  
Show
View Real Time Build Order
Export as new Build Order

AxImpact Zerg - Winner!

Build Orders: Pool First 

Get SALT Encoding   

  12  0:00  Drone  
  13  0:12  Overlord  
  13  0:17  Drone  
  14  0:30  Drone x2  
  14  0:34  Drone  
  17  0:44  Extractor  
  17  0:46  Spawning Pool  
  17  0:49  Drone  
  16  0:56  Drone  
  17  1:07  Drone  
  18  1:20  Hatchery  
  18  1:24  Drone  
  18  1:33  Zergling x2  
  20  1:40  Zergling x2  
  20  1:44  Metabolic Boost  
  20  1:48  Queen  
  22  1:56  Overlord  
  22  2:14  Drone x2  
  25  2:22  Drone  
  25  2:24  Queen  
  27  2:36  Drone  
  27  2:37  Drone  
  29  2:43  Drone  
  29  2:48  Drone  
  30  2:53  Drone  
  30  2:55  Drone  
  30  2:57  Drone, Hatchery  
  32  3:04  Drone  
  32  3:05  Drone x2  
  34  3:06  Drone  
  35  3:16  Overlord  
  35  3:18  Overlord  
  35  3:33  Lair  
  35  3:35  Drone x2  
  35  3:36  Drone  
  35  3:37  Drone x5  
  35  3:39  Spore Crawler  
  42  3:42  Spore Crawler  
  42  3:44  Drone  
  42  3:46  Drone  
  43  3:52  Extractor  
  43  3:53  Extractor, Drone  
  42  3:58  Drone  
  43  4:03  Drone x2  
  43  4:05  Drone x3  
  43  4:06  Drone  
  43  4:07  Extractor  
  43  4:08  Drone  
  43  4:09  Drone  
  50  4:11  Overlord  
  50  4:13  Queen  
  52  4:27  Overlord x2  
  52  4:33  Hydralisk Den, Drone  
  52  4:36  Overseer  
  52  4:39  Drone  
  52  4:40  Drone x5  
  52  4:41  Spore Crawler  
  52  4:42  Drone  
  52  4:45  Overlord  
  58  4:47  Overlord  
  58  4:52  Overlord  
  58  4:57  Drone x3  
  58  4:58  Drone  
  62  5:08  Hydralisk x3  
  62  5:09  Hydralisk  
  62  5:12  Hydralisk  
  72  5:14  Hydralisk  
  72  5:17  Hydralisk  
  72  5:20  Hydralisk  
  78  5:23  Hydralisk  
  78  5:25  Hydralisk  
  78  5:28  Hydralisk  
  82  5:30  Hydralisk  
  82  5:32  Hydralisk  
  82  5:34  Hydralisk  
  90  5:37  Overlord  
  90  5:42  Zergling x6  
  93  5:44  Hydralisk  
  93  5:49  Muscular Augments  
  95  5:52  Hydralisk, Zergling x2  
  95  5:56  Hydralisk  
  98  5:58  Spine Crawler, Zergling x4  
  98  6:01  Zergling x6  
  105  6:04  Zergling x4  
  105  6:12  Zergling x2  
  105  6:17  Zergling x6  
  105  6:23  Hydralisk  
  105  6:24  Zergling x2  
  103  6:26  Overlord x2  
  103  6:28  Overlord  
  103  6:36  Evolution Chamber  
  103  6:38  Hydralisk x2  
  105  6:40  Overlord  
  105  6:43  Overlord  
  105  6:45  Hydralisk  
  107  6:47  Hydralisk  
  107  6:53  Hydralisk x2  
  113  6:58  Hydralisk x2  
  114  7:03  Hydralisk  
  114  7:04  Zergling x2  
  117  7:09  Hydralisk x2  
  117  7:11  Hydralisk  
  117  7:15  Hydralisk  
  125  7:20  Hydralisk, Zergling x2  
  128  7:24  Hydralisk  
  128  7:25  Zergling x2  
  131  7:31  Hydralisk  
  131  7:32  Zergling x6  
  130  7:39  Drone  
  130  7:40  Drone x3  
  130  7:42  Infestation Pit  
  131  7:44  Drone  
  131  7:46  Drone  
  131  7:47  Drone  
  131  7:51  Hydralisk, Zergling x2  
  133  7:54  Hydralisk  
  133  7:55  Zergling x2  
  133  7:57  Zergling x2  
  132  8:02  Zergling x2  
Tags
 
Add a new tag
Caveats
  • Supply blocks, unpowered buildings, or Contaminate may cause inaccurate times.
  • Supply counts are checked every 10 seconds.